 Dungeon Crawl Stone Soup version 0.26.0-10-g1f06aea511 (webtiles) character file.

Game seed: 16688984043113499206

27 dolemite99 the Chopper (level 2, 0/24 HPs)
             Began as a Demonspawn Chaos Knight on Jan 14, 2021.
             Was a Plaything of Xom.
             Slain by a hellwing (6 damage)
             ... summoned by Xom
             ... on level 1 of the Dungeon.
             The game lasted 00:00:39 (597 turns).

dolemite99 the Chopper (Demonspawn Chaos Knight)     Turns: 597, Time: 00:00:40

Health: 0/24       AC:  5    Str: 12    XL:     2   Next: 93%
Magic:  2/2        EV: 11    Int: 13    God:    Xom [......]
Gold:   52         SH:  0    Dex: 12    Spells: 1/1 levels left

rFire    . . .     SeeInvis .   a - +0 hand axe (chaos)
rCold    . . .     Faith    .   (no shield)
rNeg     . . .     Spirit   .   b - +2 leather armour
rPois    .         Reflect  .   (no helmet)
rElec    .         Harm     .   (no cloak)
rCorr    .         Rampage  .   (no gloves)
Will     .....                  (no boots)
Stlth    +.........             (no amulet)
HPRegen  0.08/turn              (no ring)
MPRegen  0.08/turn              (no ring)

@: no status effects
A: powered by death 1
a: Renounce Religion


You were on level 1 of the Dungeon.
You worshipped Xom.
You were a very special plaything of Xom.
You visited 1 branch of the dungeon, and saw 1 of its levels.

You collected 52 gold pieces.

Inventory:

Hand Weapons
 a - a +0 hand axe of chaos (weapon)
Missiles
 c - 10 stones (quivered)
Armour
 b - a +2 leather armour (worn)
Scrolls
 d - a scroll of enchant armour {unknown}
 f - a scroll of enchant weapon {unknown}
 i - a scroll of remove curse {unknown}
Potions
 e - a potion of mutation {unknown}
 g - a potion of degeneration {unknown}
 h - a potion of curing {unknown}


   Skills:
 - Level 3.0 Fighting
 + Level 3.8 Axes
 - Level 1.7 Armour
 - Level 0.8 Dodging


You had one spell level left.
You didn't know any spells.
Your spell library was empty.

Dungeon Overview and Level Annotations

Branches:
Dungeon (1/15)

Altars:


Innate Abilities, Weirdness & Mutations

You regenerate a little health from kills.


Message History

You closely miss the bat. The bat hits you but does no damage.
You hit the bat. You freeze the bat.
You kill the bat!
c - 10 stones (gained 1)
A dart slug comes into view.
You hear Xom's maniacal laughter.
Things that are here:
a bat corpse; a giant cockroach corpse You completely miss the hellwing.
The hellwing hits you!
The hellwing hits you but does no damage.
There are monsters nearby!
You are too injured to fight recklessly!
There are monsters nearby!
You are too injured to fight recklessly!
There are monsters nearby!
The hellwing hits you!
* * * LOW HITPOINT WARNING * * *
The hellwing hits you.
You die... "It's all fun and games until someone loses an eye."

.... # .... . # ..(.. #
..### ..(.. .# #...#
...... .## #..
.....(#####.... ###
...w..((....# #. #
#5.## .>##..##### #@4)#
#..##...... ###...#.#
#.. #####..
...(.###.####.###.....#
####.###.......##.#####
.# ##....####...#..# #
.###..##.# ##.#...## ##
..#.# #.###..#..##
.##### #.#.#
#.....##...#####
.>...######...#
####..##†......##


You could see a hellwing (summoned) and an ufetubus (summoned).

Vanquished Creatures
  3 bats (D:1)
  2 giant cockroaches (D:1)
  4 goblins (D:1)
  4 hobgoblins (D:1)
  3 jackals (D:1)
  2 frilled lizards (D:1)
  5 kobolds (D:1)
  A rat (D:1)
24 creatures vanquished.

Notes
Turn   | Place    | Note
-------+----------+-------------------------------------------
     0 | D:1      | dolemite99 the Demonspawn Chaos Knight began the quest for
                  | the Orb.
     0 | D:1      | Reached XP level 1. HP: 18/18 MP: 1/1
    12 | D:1      | XOM: potion effect (might)
   162 | D:1      | XOM: silly message
   229 | D:1      | XOM: divination: magic mapping
   288 | D:1      | Gained mutation: You regenerate a little health from kills.
                  | [demonic ancestry]
   288 | D:1      | Reached XP level 2. HP: 24/24 MP: 2/2
   387 | D:1      | XOM: cast spell 'Olgreb's Toxic Radiance'
   488 | D:1      | XOM: swap monsters
   494 | D:1      | XOM: silly message
   595 | D:1      | XOM: summons 2 hostile demons
   596 | D:1      | Noticed a hellwing
   597 | D:1      | Slain by a hellwing

Illustrated notes

Levels and vault maps discovered:
D:1:      heliophobic_arrival_enchanted_forest, layout_rooms

Skill      XL: |  1 |
---------------+----+-----
Axes           | 3 |  3.8
Fighting       | |  3.0
Armour         | |  1.7
Dodging        | |  0.8

Action                   || total
-------------------------++-------
Melee: Hand axe          ||    54
Throw: Stone             ||    36
 Stab: Petrified         ||     7
       Paralysed         ||     1
Armor: Leather armour    ||    21
Dodge: Dodged            ||    44
